[Event "2009 US Junior Invitational "]
[Site "Milwaukee"]
[Date "2009.07.13"]
[Round "1"]
[White "Banawa, Joel"]
[Black "Robson, Ray"]
[Result "1/2-1/2"]
[ECO "D45"]
[WhiteElo "2392"]
[BlackElo "2553"]
[PlyCount "46"]
[EventDate "2009.??.??"]
[EventCountry "USA"]
[TimeControl "5400+30"]

1. d4 d5 2. c4 e6 3. Nf3 Nf6 4. Nc3 c6 5. e3 Nbd7 6. Qc2 Bd6 7. Bd3 O-O 8. O-O
dxc4 9. Bxc4 a6 10. a3 b5 11. Be2 c5 12. dxc5 Nxc5 13. b4 Ncd7 14. Ne4 Qc7 15.
Nxf6+ Nxf6 16. Qxc7 Bxc7 17. Bb2 Bb7 18. a4 bxa4 19. Rxa4 Nd5 20. Rfa1 Bc6 21.
Rxa6 Nxb4 22. Rxa8 Rxa8 23. Rxa8+ Bxa8 {Game drawn} 1/2-1/2

[Event "2009 US Junior Invitational "]
[Site "Milwaukee"]
[Date "2009.07.13"]
[Round "1"]
[White "Bercys, Salvijus"]
[Black "Shankland, Sam"]
[Result "1/2-1/2"]
[ECO "A49"]
[WhiteElo "2503"]
[BlackElo "2564"]
[PlyCount "68"]
[EventDate "2009.??.??"]
[EventCountry "USA"]
[TimeControl "5400+30"]

1. d4 Nf6 2. Nf3 g6 3. g3 Bg7 4. Bg2 O-O 5. c4 c6 6. Nc3 d5 7. cxd5 cxd5 8. Ne5
e6 9. O-O Nfd7 10. Nf3 Nc6 11. Bf4 Qb6 12. Na4 Qb5 13. b3 Nb6 14. Bd6 Rd8 15.
Bc7 Rd7 16. Bxb6 axb6 17. Re1 Qa5 18. e3 Bf8 19. a3 Rc7 20. Bf1 Bd7 21. Qd2 Qa7
22. Nc3 Na5 23. Qb2 Rac8 24. Rec1 Qb8 25. Ne5 Be8 26. b4 Nc6 27. Nb5 Re7 28.
Nf3 Bg7 29. Rc2 e5 30. Rac1 Rd8 31. dxe5 Nxe5 32. Nxe5 Bxb5 33. Bxb5 Bxe5 34.
Qb3 d4 {Game drawn} 1/2-1/2

[Event "2009 US Junior Invitational "]
[Site "Milwaukee"]
[Date "2009.07.13"]
[Round "1"]
[White "Coleman, Maxx"]
[Black "Lee, Michael"]
[Result "0-1"]
[ECO "B32"]
[WhiteElo "2182"]
[BlackElo "2384"]
[PlyCount "48"]
[EventDate "2009.??.??"]
[EventCountry "USA"]
[TimeControl "5400+30"]

1. e4 c5 2. Nf3 Nc6 3. d4 cxd4 4. Nxd4 e5 5. Nb5 d6 6. c4 Be7 7. N1c3 a6 8. Na3
Be6 9. Nc2 Bg5 10. Bd3 Bxc1 11. Rxc1 Qg5 12. O-O Nge7 13. b4 Ng6 14. Kh1 O-O
15. Nd5 Rac8 16. a3 h5 17. Be2 h4 18. Nce3 Nf4 19. g3 Bxd5 20. Nxd5 Nxd5 21.
Qxd5 Nd4 22. Bd3 Qh5 23. Rfd1 Qf3+ 24. Kg1 h3 {Black wins} 0-1

[Event "2009 US Junior Invitational "]
[Site "Milwaukee"]
[Date "2009.07.13"]
[Round "1"]
[White "Lenderman, Alex"]
[Black "Liu, Elliott"]
[Result "0-1"]
[ECO "E90"]
[WhiteElo "2654"]
[BlackElo "2405"]
[PlyCount "70"]
[EventDate "2009.??.??"]
[EventCountry "USA"]
[TimeControl "5400+30"]

1. d4 Nf6 2. c4 g6 3. Nc3 Bg7 4. e4 d6 5. Nf3 O-O 6. h3 Na6 7. Bg5 Qe8 8. Nd2
e5 9. d5 Nh5 10. g4 Nf4 11. Qf3 f5 12. gxf5 gxf5 13. Bxf4 fxe4 14. Ndxe4 Rxf4
15. Qg3 Nb4 16. Kd2 Qf8 17. Be2 Bf5 18. f3 Kh8 19. a3 Bh6 20. Kd1 Na6 21. b4 c6
22. Kc2 Nc7 23. Rad1 a5 24. Kb3 axb4 25. axb4 b5 26. dxc6 bxc4+ 27. Bxc4 d5 28.
Nxd5 Bxe4 29. Nxf4 Bxf4 30. Qe1 Bxc6 31. Rg1 Qf6 32. Qf2 Ba4+ 33. Kb2 e4+ 34.
Kb1 Bxd1 35. Qa2 Bc2+ {Black wins} 0-1

[Event "2009 US Junior Invitational "]
[Site "Milwaukee"]
[Date "2009.07.13"]
[Round "2"]
[White "Shankland, Sam"]
[Black "Banawa, Joel"]
[Result "1-0"]
[ECO "D45"]
[WhiteElo "2546"]
[BlackElo "2392"]
[PlyCount "113"]
[EventDate "2009.??.??"]
[EventCountry "USA"]
[TimeControl "5400+30"]

1. d4 d5 2. c4 c6 3. Nf3 Nf6 4. Nc3 e6 5. e3 Nbd7 6. Qc2 Bd6 7. g4 Bb4 8. Bd2
Qe7 9. Rg1 b6 10. O-O-O Bb7 11. g5 Bxc3 12. Bxc3 Ne4 13. Bd3 Nxc3 14. Qxc3 dxc4
15. Bxc4 O-O 16. Ne5 Nxe5 17. dxe5 Rfd8 18. f4 Rxd1+ 19. Rxd1 Rd8 20. Rd3 g6
21. h4 Rxd3 22. Bxd3 Qd7 23. Qd4 Qxd4 24. exd4 Kf8 25. Be4 Ke7 26. Kc2 Kd7 27.
Kc3 Bc8 28. Bf3 Kc7 29. h5 Bd7 30. h6 Be8 31. Kc4 Bd7 32. b4 Bc8 33. a4 Bb7 34.
Kc3 a6 35. Kd3 b5 36. axb5 axb5 37. f5 exf5 38. e6 Kd6 39. exf7 Ke7 40. Ke3
Kxf7 41. Kf4 Ke8 42. Ke5 Ke7 43. Bh5 Kf7 44. Bd1 Ke7 45. Be2 Bc8 46. d5 cxd5
47. Bxb5 Bb7 48. Bd3 Kf7 49. b5 Ba8 50. Bb1 Kf8 51. b6 Kf7 52. Bd3 Bb7 53. Kd6
d4 54. Ke5 Ke7 55. Kxd4 Ke6 56. Bc4+ Kd6 57. Bf7 {White wins} 1-0

[Event "2009 US Junior Invitational "]
[Site "Milwaukee"]
[Date "2009.07.13"]
[Round "2"]
[White "Lenderman, Alex"]
[Black "Bercys, Salvijus"]
[Result "1/2-1/2"]
[ECO "D11"]
[WhiteElo "2654"]
[BlackElo "2503"]
[PlyCount "111"]
[EventDate "2009.??.??"]
[EventCountry "USA"]
[TimeControl "5400+30"]

1. d4 d5 2. Nf3 c6 3. c4 e6 4. e3 f5 5. Be2 Nf6 6. O-O Bd6 7. b3 Qe7 8. a4 a5
9. Ba3 Bxa3 10. Nxa3 O-O 11. c5 Nbd7 12. Nc2 e5 13. b4 Ne4 14. Qe1 axb4 15.
Nxb4 Re8 16. Ra2 g5 17. Qc1 g4 18. Ne1 Nf8 19. Nbd3 exd4 20. exd4 Qg7 21. Ra3
Qxd4 22. Nc2 Qf6 23. Re1 Ne6 24. a5 N6xc5 25. Nxc5 Nxc5 26. a6 bxa6 27. Nb4 Ne4
28. Qxc6 Qxc6 29. Nxc6 Nf6 30. f3 Bd7 31. Nd4 a5 32. Kf2 a4 33. Bd3 Rxe1 34.
Kxe1 gxf3 35. gxf3 f4 36. Ne2 Rb8 37. Kd2 Kf7 38. Bc2 Ke7 39. Ra2 Kd6 40. Bxa4
Ra8 41. Bb3 Rxa2+ 42. Bxa2 Ke5 43. Kc3 h6 44. Bb1 Ne8 45. Nd4 Nd6 46. Bd3 Nc8
47. Nb3 Nb6 48. Kb4 d4 49. Na5 Na4 50. Nc4+ Kf6 51. Bc2 Nc3 52. Kc5 Ne2 53. Bd3
Ng1 54. Nd2 Ke5 55. Nc4+ Kf6 56. Nd2 {Game drawn} 1/2-1/2

[Event "2009 US Junior Invitational "]
[Site "Milwaukee"]
[Date "2009.07.13"]
[Round "2"]
[White "Robson, Ray"]
[Black "Coleman, Maxx"]
[Result "1-0"]
[ECO "B90"]
[WhiteElo "2553"]
[BlackElo "2182"]
[PlyCount "99"]
[EventDate "2009.??.??"]
[EventCountry "USA"]
[TimeControl "5400+30"]

1. e4 c5 2. Nf3 d6 3. d4 cxd4 4. Nxd4 Nf6 5. Nc3 a6 6. h3 e6 7. g4 Be7 8. Bg2
Qc7 9. Be3 Nc6 10. f4 h6 11. Qd2 Bd7 12. O-O-O Rc8 13. Qf2 b5 14. g5 Nh5 15.
gxh6 Rxh6 16. Nxc6 Bxc6 17. a3 Rh8 18. Rhf1 Qb7 19. f5 Nf6 20. fxe6 fxe6 21.
Qg3 a5 22. Qg6+ Kf8 23. e5 dxe5 24. Bc5 Bxc5 25. Rxf6+ gxf6 26. Qxf6+ Kg8 27.
Qxe6+ Kf8 28. Bxc6 Qxc6 29. Rf1+ Kg7 30. Qf7+ Kh6 31. Rf6+ Qxf6 32. Qxf6+ Kh7
33. Ne4 Be3+ 34. Kb1 Bf4 35. Qf7+ Kh6 36. Qe6+ Kg7 37. Qd7+ Kg6 38. Qg4+ Kh7
39. Qd7+ Kg6 40. Qxb5 Rcd8 41. Qxa5 Kf5 42. Nf2 Rd2 43. Qc5 Rg8 44. Nd3 Rgg2
45. a4 Rd1+ 46. Ka2 Rh2 47. a5 Rhh1 48. a6 Ra1+ 49. Kb3 Rxh3 50. Qc8+ {
White wins} 1-0

[Event "2009 US Junior Invitational "]
[Site "Milwaukee"]
[Date "2009.07.13"]
[Round "2"]
[White "Liu, Elliott"]
[Black "Lee, Michael"]
[Result "1/2-1/2"]
[ECO "E98"]
[WhiteElo "2405"]
[BlackElo "2384"]
[PlyCount "131"]
[EventDate "2009.??.??"]
[EventCountry "USA"]
[TimeControl "5400+30"]

1. d4 Nf6 2. Nf3 g6 3. c4 Bg7 4. Nc3 O-O 5. e4 d6 6. Be2 e5 7. O-O Nc6 8. d5
Ne7 9. Ne1 Nd7 10. Nd3 f5 11. Bd2 Nf6 12. f3 f4 13. Rc1 g5 14. c5 Ng6 15. Nb5
Rf7 16. Ba5 b6 17. cxd6 cxd6 18. Bb4 Bf8 19. Rc6 Ne8 20. a4 h5 21. Nf2 Bd7 22.
Qb3 Bxc6 23. dxc6 Kg7 24. Bc4 Rf6 25. Rd1 Nc7 26. Qa3 Nxb5 27. axb5 Qc7 28. Qa6
Qc8 29. Ra1 Qxa6 30. Rxa6 Ne7 31. Nd1 Nc8 32. Bd5 Rf7 33. Nc3 Rc7 34. Be6 Be7
35. Nd5 Bd8 36. Nxc7 Bxc7 37. Bxc8 Rxc8 38. Rxa7 Kf6 39. Rb7 Ke6 40. Be1 d5 41.
exd5+ Kxd5 42. Bf2 Ra8 43. Bxb6 Ra1+ 44. Kf2 Bd6 45. Rd7 Ke6 46. Rd8 Rc1 47.
Ke2 Rc2+ 48. Kd3 Rxb2 49. c7 Bxc7 50. Bxc7 Rxb5 51. Rg8 Rd5+ 52. Kc4 Rd2 53.
Re8+ Kf7 54. Rxe5 Kf6 55. Rc5 Rxg2 56. Bd8+ Kg6 57. Kd3 g4 58. Rc2 gxf3 59.
Rxg2+ fxg2 60. Bb6 Kf5 61. Ke2 Kg4 62. Bg1 h4 63. Kf2 Kh3 64. Ke2 Kg4 65. Kf2
Kh3 66. Kf3 {Game drawn} 1/2-1/2

[Event "2009 US Junior Invitational "]
[Site "Milwaukee"]
[Date "2009.07.14"]
[Round "3"]
[White "Banawa, Joel"]
[Black "Lenderman, Alex"]
[Result "0-1"]
[ECO "A09"]
[WhiteElo "2392"]
[BlackElo "2654"]
[PlyCount "72"]
[EventDate "2009.??.??"]
[EventCountry "USA"]
[TimeControl "5400+30"]

1. Nf3 d5 2. c4 d4 3. e3 c5 4. exd4 cxd4 5. d3 e5 6. g3 Bd6 7. Bg2 Ne7 8. O-O
Nd7 9. Nbd2 Nc6 10. Nh4 O-O 11. Qh5 g6 12. Qe2 Re8 13. Rb1 a5 14. b3 a4 15. a3
axb3 16. Rxb3 Be7 17. Nhf3 f5 18. Rb5 Bxa3 19. Bxa3 Rxa3 20. h4 Ra2 21. Qd1 Qe7
22. Re1 Nc5 23. Nb3 Nxb3 24. Rxb3 Kg7 25. Rb5 Qf6 26. Qb1 Ra7 27. Nd2 Re7 28.
Nb3 e4 29. dxe4 f4 30. Qb2 Ra4 31. Rc1 Ne5 32. Qxd4 Ra2 33. Rb6 Re6 34. Rxe6
Bxe6 35. gxf4 Qxf4 36. Nc5 Qxc1+ {Black wins} 0-1

[Event "2009 US Junior Invitational "]
[Site "Milwaukee"]
[Date "2009.07.14"]
[Round "3"]
[White "Coleman, Maxx"]
[Black "Shankland, Sam"]
[Result "0-1"]
[ECO "B58"]
[WhiteElo "2182"]
[BlackElo "2564"]
[PlyCount "80"]
[EventDate "2009.??.??"]
[EventCountry "USA"]
[TimeControl "5400+30"]

1. e4 c5 2. Nf3 d6 3. d4 cxd4 4. Nxd4 Nf6 5. Nc3 Nc6 6. Be2 e6 7. O-O Be7 8.
Be3 O-O 9. f4 Bd7 10. Nb3 a6 11. a4 e5 12. Qd2 exf4 13. Bxf4 Be6 14. Nd4 Nxd4
15. Qxd4 Qc7 16. Rad1 Rfd8 17. Kh1 Rac8 18. Qe3 Nd7 19. Bd3 Bf6 20. Nd5 Bxd5
21. exd5 Bxb2 22. Rb1 Be5 23. Qh3 Nf8 24. Be3 Re8 25. Rb4 g6 26. Rfb1 Qc3 27.
Rxb7 Bd4 28. Bxd4 Qxd4 29. Qf3 f5 30. h3 Re3 31. Qd1 Rce8 32. Bf1 Qf4 33. R7b3
Qxa4 34. Qd2 Qf4 35. Rxe3 Rxe3 36. Qb4 Qe5 37. Bxa6 f4 38. Rf1 f3 39. Qg4 fxg2+
40. Qxg2 Rg3 {Black wins} 0-1

[Event "2009 US Junior Invitational "]
[Site "Milwaukee"]
[Date "2009.07.14"]
[Round "3"]
[White "Bercys, Salvijus"]
[Black "Liu, Elliott"]
[Result "1-0"]
[ECO "E60"]
[WhiteElo "2503"]
[BlackElo "2536"]
[PlyCount "119"]
[EventDate "2009.??.??"]
[EventCountry "USA"]
[TimeControl "5400+30"]

1. d4 Nf6 2. c4 g6 3. f3 Bg7 4. e4 d6 5. Be3 O-O 6. Ne2 c5 7. d5 b5 8. cxb5 a6
9. Nec3 axb5 10. Nxb5 Ba6 11. N1c3 Qa5 12. Bd2 Nbd7 13. Be2 Qb6 14. a4 Rfc8 15.
Be3 Qa5 16. O-O c4 17. Na7 Rxa7 18. Bxa7 Nc5 19. Bxc5 Qxc5+ 20. Kh1 Qb4 21. Nb5
Bxb5 22. axb5 Qxb2 23. Rb1 Qa2 24. b6 Nd7 25. b7 Rb8 26. Rb4 c3 27. Qd3 Nc5 28.
Qc4 Qxc4 29. Bxc4 Rxb7 30. Rxb7 Nxb7 31. Bd3 Nc5 32. Bc2 Bd4 33. Ra1 Kg7 34. g3
Kf6 35. Kg2 g5 36. Kf1 h5 37. Ke2 h4 38. gxh4 gxh4 39. f4 Kg7 40. Rd1 Bf6 41.
Kf3 Kf8 42. Kg4 Ke8 43. h3 Kd8 44. Kf5 Na6 45. e5 dxe5 46. fxe5 Bg7 47. Rd4 Nc7
48. Bb3 Nb5 49. Rxh4 Kc7 50. Ba4 Kb6 51. Rb4 Ka5 52. Rxb5+ Kxa4 53. Rc5 Kb4 54.
Rc7 Bf8 55. h4 e6+ 56. dxe6 fxe6+ 57. Kxe6 Kb3 58. Kf7 Bb4 59. e6 c2 60. Rxc2 {
White wins} 1-0

[Event "2009 US Junior Invitational "]
[Site "Milwaukee"]
[Date "2009.07.14"]
[Round "3"]
[White "Lee, Michael"]
[Black "Robson, Ray"]
[Result "0-1"]
[ECO "C01"]
[WhiteElo "2384"]
[BlackElo "2553"]
[PlyCount "84"]
[EventDate "2009.??.??"]
[EventCountry "USA"]
[TimeControl "5400+30"]

1. e4 e6 2. d4 d5 3. exd5 exd5 4. c4 Nf6 5. Nc3 Be7 6. Nf3 O-O 7. Be2 dxc4 8.
Bxc4 Bg4 9. Be3 Nc6 10. Qd2 Bb4 11. Qd3 Qd7 12. a3 Ba5 13. b4 Bb6 14. Bb5 Rad8
15. Ne2 a6 16. Bxc6 Qxc6 17. Ne5 Qxg2 18. Rg1 Bxe2 19. Kxe2 Qh3 20. Rg5 Nh5 21.
Rg4 f6 22. Qf5 Kh8 23. Qf3 Qxf3+ 24. Nxf3 g6 25. Kd3 Ng7 26. Bh6 Rfe8 27. Bxg7+
Kxg7 28. Re4 Rxe4 29. Kxe4 c6 30. a4 Rd5 31. Rd1 g5 32. h3 h5 33. Ke3 Kg6 34.
Rg1 Kf5 35. Rd1 g4 36. hxg4+ hxg4 37. Ng1 Re5+ 38. Kd3 Bxd4 39. Ne2 Bxf2 40.
Rf1 Re3+ 41. Kd2 Rf3 42. b5 axb5 {Black wins} 0-1

[Event "2009 US Junior Invitational "]
[Site "Milwaukee"]
[Date "2009.07.14"]
[Round "4"]
[White "Bercys, Salvijus"]
[Black "Banawa, Joel"]
[Result "1/2-1/2"]
[ECO "E08"]
[WhiteElo "2503"]
[BlackElo "2392"]
[PlyCount "55"]
[EventDate "2009.??.??"]
[EventCountry "USA"]
[TimeControl "5400+30"]

1. d4 Nf6 2. Nf3 e6 3. c4 d5 4. Qc2 c6 5. g3 Nbd7 6. Bg2 Be7 7. O-O O-O 8. Rd1
b6 9. Nc3 Bb7 10. b3 Rc8 11. e4 dxe4 12. Nxe4 c5 13. Nxf6+ Bxf6 14. Ng5 Bxg5
15. Bxb7 Rc7 16. Be4 Bf6 17. Bb2 cxd4 18. Bxd4 g6 19. Qb2 Qe7 20. Rd2 Bxd4 21.
Rxd4 Nc5 22. Bg2 Rd7 23. Rad1 Rxd4 24. Rxd4 Rd8 25. Qd2 Rxd4 26. Qxd4 a5 27.
Kf1 e5 28. Qe3 {Game drawn} 1/2-1/2

[Event "2009 US Junior Invitational "]
[Site "Milwaukee"]
[Date "2009.07.14"]
[Round "4"]
[White "Shankland, Sam"]
[Black "Lee, Michael"]
[Result "0-1"]
[ECO "E98"]
[WhiteElo "2564"]
[BlackElo "2384"]
[PlyCount "50"]
[EventDate "2009.??.??"]
[EventCountry "USA"]
[TimeControl "5400+30"]

1. d4 Nf6 2. c4 g6 3. Nc3 Bg7 4. e4 d6 5. Nf3 O-O 6. Be2 e5 7. O-O Nc6 8. d5
Ne7 9. Ne1 Nd7 10. Be3 f5 11. f3 f4 12. Bf2 g5 13. Rc1 Kh8 14. Nd3 Rg8 15. c5
Nf6 16. cxd6 cxd6 17. Nb5 g4 18. Nc7 g3 19. Nxa8 Nh5 20. Kh1 Bh6 21. Be1 Nc6
22. Nf2 Qh4 23. h3 gxf2 24. Rxf2 Bxh3 25. gxh3 Qg3 {Black wins} 0-1

[Event "2009 US Junior Invitational "]
[Site "Milwaukee"]
[Date "2009.07.14"]
[Round "4"]
[White "Lenderman, Alex"]
[Black "Coleman, Maxx"]
[Result "1-0"]
[ECO "E11"]
[WhiteElo "2654"]
[BlackElo "2182"]
[PlyCount "89"]
[EventDate "2009.??.??"]
[EventCountry "USA"]
[TimeControl "5400+30"]

1. d4 Nf6 2. c4 e6 3. Nf3 Bb4+ 4. Nbd2 b6 5. a3 Bxd2+ 6. Qxd2 Bb7 7. g3 O-O 8.
Bg2 Be4 9. O-O d6 10. b4 Nbd7 11. Bb2 Qe7 12. Ne1 Bxg2 13. Nxg2 c5 14. Rfd1
Rac8 15. Rac1 cxd4 16. Qxd4 Rc6 17. b5 Rc7 18. Qxd6 Qxd6 19. Rxd6 Rfc8 20. Ne3
Nc5 21. Rcd1 Kf8 22. f3 Ke7 23. g4 Ne8 24. R6d2 f6 25. Bc3 a5 26. bxa6 Nxa6 27.
Rb2 Rc6 28. Rdb1 Rb8 29. Bd4 Nd6 30. Rxb6 Rbxb6 31. Rxb6 Kd7 32. Rxc6 Kxc6 33.
g5 e5 34. gxf6 gxf6 35. Bc3 Kc5 36. Bb4+ Nxb4 37. axb4+ Kxb4 38. Nd5+ Kxc4 39.
Nxf6 h6 40. Kf2 Nf7 41. Ke3 Kc5 42. Ke4 Kd6 43. Kf5 Nd8 44. e3 Ne6 45. Ng4 {
White wins} 1-0

[Event "2009 US Junior Invitational "]
[Site "Milwaukee"]
[Date "2009.07.14"]
[Round "4"]
[White "Liu, Elliott"]
[Black "Robson, Ray"]
[Result "0-1"]
[ECO "D47"]
[WhiteElo "2405"]
[BlackElo "2553"]
[PlyCount "132"]
[EventDate "2009.??.??"]
[EventCountry "USA"]
[TimeControl "5400+30"]

1. d4 d5 2. c4 e6 3. Nf3 Nf6 4. Nc3 c6 5. e3 Nbd7 6. Bd3 dxc4 7. Bxc4 b5 8. Bd3
Bb7 9. e4 b4 10. Na4 c5 11. e5 Nd5 12. O-O cxd4 13. Re1 Be7 14. Nxd4 O-O 15.
Qh5 g6 16. Qh6 Nxe5 17. Rxe5 Nf6 18. Nxe6 fxe6 19. Qh3 Rf7 20. Bg5 Qd4 21. Qe3
Qxe3 22. Bxe3 Bd5 23. Bd4 Rd8 24. Bc5 Nd7 25. Bxe7 Nxe5 26. Bxd8 Nxd3 27. f3
Rd7 28. Bg5 Bc6 29. b3 Bxa4 30. bxa4 a5 31. Rd1 Rd5 32. h4 Kf7 33. Rd2 Ke8 34.
Be3 Ne5 35. Rc2 Kd7 36. Bb6 Nc6 37. Kh2 Rd3 38. Kg3 Ra3 39. Kg4 h6 40. Rd2+ Kc8
41. Re2 Rxa4 42. f4 e5 43. g3 Kb7 44. Bc5 exf4 45. gxf4 Ra3 46. Bf8 h5+ 47. Kg5
Rg3+ 48. Kf6 Kb6 49. Bd6 Rg4 50. Rc2 a4 51. Rc4 Rxh4 52. Kxg6 Rh2 53. Bxb4 h4
54. Bd6 h3 55. f5 Rd2 56. f6 Rxd6 57. Rh4 Ne5+ 58. Kg7 Rd7+ 59. Kg8 Rd8+ 60.
Kg7 Rd7+ 61. Kg8 Rf7 62. Rxh3 Rxf6 63. Rh4 Rg6+ 64. Kf8 Rg4 65. Rh6+ Kb5 66.
Rh5 Re4 {Black wins} 0-1

[Event "2009 US Junior Invitational "]
[Site "Milwaukee"]
[Date "2009.07.15"]
[Round "5"]
[White "Lee, Michael"]
[Black "Lenderman, Alex"]
[Result "0-1"]
[ECO "A25"]
[WhiteElo "2384"]
[BlackElo "2654"]
[PlyCount "80"]
[EventDate "2009.??.??"]
[EventCountry "USA"]
[TimeControl "5400+30"]

1. c4 e5 2. Nc3 Nc6 3. g3 f5 4. Bg2 Nf6 5. e3 d5 6. Nxd5 e4 7. Nxf6+ Qxf6 8. d4
exd3 9. Qxd3 Bb4+ 10. Kf1 Bd7 11. Ne2 O-O-O 12. Qb3 Qd6 13. a3 Bc5 14. Bd5 Bb6
15. Bd2 Ne7 16. Bb4 c5 17. Bc3 Bc6 18. Bg2 Qd3 19. Re1 g5 20. Kg1 Rhe8 21. Nc1
Qd7 22. Qc2 Bc7 23. f3 Qe6 24. Qe2 Ng6 25. Kf2 h5 26. Rd1 Rxd1 27. Rxd1 f4 28.
exf4 Qf7 29. Qd3 gxf4 30. Bh3+ Kb8 31. Qf5 Qg8 32. Ne2 fxg3+ 33. Nxg3 Rf8 34.
Bf6 Nf4 35. Bf1 Qf7 36. Rd8+ Bxd8 37. Be5+ Bc7 38. Bxc7+ Kxc7 39. Qe5+ Kc8 40.
Qxc5 Kb8 {Black wins} 0-1

[Event "2009 US Junior Invitational "]
[Site "Milwaukee"]
[Date "2009.07.15"]
[Round "5"]
[White "Robson, Ray"]
[Black "Shankland, Sam"]
[Result "1-0"]
[ECO "C18"]
[WhiteElo "2553"]
[BlackElo "2564"]
[PlyCount "71"]
[EventDate "2009.??.??"]
[EventCountry "USA"]
[TimeControl "5400+30"]

1. e4 e6 2. d4 d5 3. Nc3 Bb4 4. e5 Ne7 5. a3 Bxc3+ 6. bxc3 c5 7. Qg4 Qc7 8.
Qxg7 Rg8 9. Qxh7 cxd4 10. Ne2 Nbc6 11. f4 dxc3 12. Qd3 d4 13. Nxd4 Nxd4 14.
Qxd4 Bd7 15. Rg1 Nf5 16. Qf2 Qc6 17. Bd3 Qd5 18. Be3 Nxe3 19. Qxe3 Rxg2 20.
Rxg2 Qxg2 21. Be4 Qxh2 22. O-O-O Rd8 23. Kb1 Ba4 24. Rxd8+ Kxd8 25. Qxa7 Bd7
26. Qa5+ Ke8 27. Qxc3 Qxf4 28. Bxb7 Qf1+ 29. Ka2 Qb5 30. Be4 Qb6 31. Qb4 Qc7
32. Qd4 Bb5 33. Kb3 Qb8 34. Qd6 Qc8 35. Qb4 Bd7 36. Qb6 {White wins} 1-0

[Event "2009 US Junior Invitational "]
[Site "Milwaukee"]
[Date "2009.07.15"]
[Round "5"]
[White "Banawa, Joel"]
[Black "Liu, Elliott"]
[Result "1-0"]
[ECO "E94"]
[WhiteElo "2392"]
[BlackElo "2405"]
[PlyCount "95"]
[EventDate "2009.??.??"]
[EventCountry "USA"]
[TimeControl "5400+30"]

1. d4 Nf6 2. c4 g6 3. Nc3 Bg7 4. e4 d6 5. Be2 O-O 6. Nf3 e5 7. O-O Na6 8. Be3
Ng4 9. Bg5 Qe8 10. dxe5 dxe5 11. h3 f6 12. Bd2 Nh6 13. c5 Nxc5 14. Qc1 Nf7 15.
Nd5 Ne6 16. Nxc7 Nxc7 17. Qxc7 Nd8 18. Rfc1 Be6 19. a4 Rf7 20. Qc2 Nc6 21. b4
Nd4 22. Nxd4 exd4 23. f4 Rd8 24. Bb5 Bd7 25. Bc4 Be6 26. Bb5 Bd7 27. Bd3 Bf8
28. Re1 Re7 29. b5 Be6 30. a5 Qf7 31. Rec1 Red7 32. Qd1 f5 33. e5 Bd5 34. Qe2
Qe6 35. Kh2 b6 36. axb6 axb6 37. Ra6 Ra8 38. Rc6 Bxc6 39. bxc6 Qxc6 40. Bb5 d3
41. Qe1 Qxb5 42. Rxa8 Qc6 43. Qa1 Kf7 44. e6+ Qxe6 45. Qh8 Qd6 46. Qxh7+ Bg7
47. Qg8+ Kf6 48. Bc3+ {White wins} 1-0

[Event "2009 US Junior Invitational "]
[Site "Milwaukee"]
[Date "2009.07.15"]
[Round "5"]
[White "Coleman, Maxx"]
[Black "Bercys, Salvijus"]
[Result "0-1"]
[ECO "B42"]
[WhiteElo "2182"]
[BlackElo "2503"]
[PlyCount "162"]
[EventDate "2009.??.??"]
[EventCountry "USA"]
[TimeControl "5400+30"]

1. e4 c5 2. Nf3 e6 3. d4 cxd4 4. Nxd4 a6 5. Bd3 Bc5 6. Nb3 Ba7 7. Qe2 Nc6 8.
Be3 d6 9. Nc3 Nge7 10. O-O e5 11. Bxa7 Rxa7 12. Rad1 O-O 13. Qd2 Be6 14. Rfe1
Qb8 15. Nd5 b5 16. c4 Rd8 17. Rc1 b4 18. Qe3 a5 19. Nd2 Nd4 20. Nxe7+ Rxe7 21.
Nf3 Nxf3+ 22. Qxf3 Rc7 23. Qe3 Rdc8 24. b3 Rc5 25. Rcd1 Qc7 26. h3 g6 27. Rd2
Ra8 28. Red1 f6 29. Be2 Rd8 30. Bg4 Bf7 31. Rd3 Kg7 32. h4 h5 33. Bh3 Rc6 34.
g3 a4 35. Qd2 Qb6 36. Qe3 Qxe3 37. Rxe3 Kf8 38. Red3 Ke7 39. Bf1 Ra8 40. Rb1
Rb6 41. Rb2 Be6 42. f3 Ra5 43. Kf2 Kd7 44. Ke3 Kc6 45. Rbd2 Kc7 46. Rb2 axb3
47. axb3 Ra1 48. Be2 Kc6 49. Rbd2 Kc5 50. Rd1 Rxd1 51. Rxd1 Ra6 52. Rd3 Ra1 53.
Rd1 Ra3 54. Rd3 Ra2 55. f4 Bf7 56. Bf3 Rc2 57. Bd1 Ra2 58. Kf3 Rb2 59. Ke3 Be6
60. Bf3 Rc2 61. Be2 Rc3 62. Bd1 Bg4 63. Be2 Rxd3+ 64. Bxd3 Bd1 65. f5 gxf5 66.
exf5 d5 67. cxd5 Bxb3 68. Be2 Bxd5 69. Bxh5 b3 70. Bd1 b2 71. Bc2 Bb3 72. Bb1
Bd1 73. Kd2 Bg4 74. Kc3 Kd5 75. Kxb2 Kd4 76. Kc1 Ke3 77. Bc2 e4 78. Ba4 Kf2 79.
Bb5 e3 80. Kc2 e2 81. Bxe2 Kxe2 {Black wins} 0-1

[Event "2009 US Junior Invitational "]
[Site "Milwaukee"]
[Date "2009.07.15"]
[Round "6"]
[White "Bercys, Salvijus"]
[Black "Lee, Michael"]
[Result "1-0"]
[ECO "E63"]
[WhiteElo "2503"]
[BlackElo "2384"]
[PlyCount "81"]
[EventDate "2009.??.??"]
[EventCountry "USA"]
[TimeControl "5400+30"]

1. d4 Nf6 2. Nf3 g6 3. g3 Bg7 4. Bg2 O-O 5. c4 d6 6. O-O Nc6 7. Nc3 a6 8. Ne1
Bd7 9. e3 Qc8 10. Nc2 e5 11. d5 Ne7 12. e4 Bh3 13. f3 Bxg2 14. Kxg2 Nh5 15. Be3
f5 16. Bf2 Nf6 17. c5 g5 18. Ne3 f4 19. Nc4 fxg3 20. hxg3 Ng6 21. cxd6 b5 22.
Ne3 cxd6 23. Nf5 Qd8 24. Be3 g4 25. fxg4 b4 26. g5 bxc3 27. gxf6 Bxf6 28. bxc3
Rb8 29. Rf2 Kh8 30. Qh5 Rg8 31. Rh1 Rb7 32. Nh6 Rgg7 33. Rhf1 Qe8 34. Rxf6 Nf4+
35. Bxf4 Rb2+ 36. Kg1 Rxg3+ 37. Bxg3 Qxh5 38. Rf8+ Kg7 39. Rg8+ Kxh6 40. Rf6+
Qg6 41. Rgxg6+ {White wins} 1-0

[Event "2009 US Junior Invitational "]
[Site "Milwaukee"]
[Date "2009.07.15"]
[Round "6"]
[White "Liu, Elliott"]
[Black "Shankland, Sam"]
[Result "1/2-1/2"]
[ECO "B90"]
[WhiteElo "2405"]
[BlackElo "2564"]
[PlyCount "70"]
[EventDate "2009.??.??"]
[EventCountry "USA"]
[TimeControl "5400+30"]

1. e4 c5 2. Nf3 d6 3. d4 cxd4 4. Nxd4 Nf6 5. Nc3 a6 6. Be3 e6 7. Be2 Qc7 8. a4
b6 9. f4 Bb7 10. Bf3 Nbd7 11. Nb3 Be7 12. O-O O-O 13. g4 Nc5 14. Nxc5 bxc5 15.
g5 Nd7 16. Bg2 f5 17. Qe2 Rae8 18. Rae1 fxe4 19. Nxe4 d5 20. Ng3 Bd6 21. Qg4
Nb6 22. Bc1 Bc8 23. b3 e5 24. Qh4 exf4 25. Rxe8 Rxe8 26. Bxf4 Bxf4 27. Qxf4
Qxf4 28. Rxf4 a5 29. Kf2 Re5 30. h4 Be6 31. Bf3 Nc8 32. Bg4 Bxg4 33. Rxg4 Nd6
34. c3 c4 35. bxc4 Nxc4 {Game drawn} 1/2-1/2

[Event "2009 US Junior Invitational "]
[Site "Milwaukee"]
[Date "2009.07.15"]
[Round "6"]
[White "Banawa, Joel"]
[Black "Coleman, Maxx"]
[Result "1-0"]
[ECO "E08"]
[WhiteElo "2392"]
[BlackElo "2182"]
[PlyCount "91"]
[EventDate "2009.??.??"]
[EventCountry "USA"]
[TimeControl "5400+30"]

1. Nf3 Nf6 2. c4 e6 3. g3 d5 4. d4 Be7 5. Bg2 O-O 6. O-O Nbd7 7. Qc2 b6 8. cxd5
exd5 9. Bf4 c5 10. Nc3 Bb7 11. Rad1 a6 12. Ne5 cxd4 13. Rxd4 Bc5 14. Rd2 Rc8
15. Qb3 Nxe5 16. Bxe5 Re8 17. Bxf6 Qxf6 18. Nxd5 Bxd5 19. Bxd5 Re7 20. Kg2 g6
21. e4 Kg7 22. f4 Rec7 23. Qd3 a5 24. h4 h5 25. e5 Qe7 26. Re2 Rd8 27. f5 Qd7
28. Rd2 Bb4 29. e6 fxe6 30. Qd4+ Kh6 31. Qf4+ Kg7 32. Qe5+ Kh6 33. fxe6 Qd6 34.
Qg5+ Kg7 35. Qf6+ Kh7 36. Rdd1 Rf8 37. Qg5 Rc2+ 38. Kh3 Rff2 39. Rxf2 Rxf2 40.
Bb3 Bd2 41. Qb5 Rf3 42. Qd7+ Qxd7 43. exd7 Rd3 44. Ba4 Kg7 45. Kg2 Kf7 46. Kf1
{White wins} 1-0